 Dungeon Crawl Stone Soup version 0.31-a0-234-gad7ace16ef (webtiles) character file.

Game seed: 6144188458265738706

281 qw the Shooter (level 6, 0/51 HPs)
             Began as a Minotaur Hexslinger on July 9, 2023.
             Slain by an iguana (5 damage)
             ... on level 4 of the Dungeon.
             The game lasted 00:01:09 (2456 turns).

qw the Shooter (Minotaur Hexslinger)                Turns: 2456, Time: 00:01:10

Health: 0/51       AC:  7    Str: 13    XL:     6   Next: 6%
Magic:  6/6        EV: 11    Int: 10    God:
Gold:   204        SH:  0    Dex: 14    Spells: 6/7 levels left

rFire   . . .        Y - +1 sling
rCold   . . .        (no shield)
rNeg    . . .        i - +0 ring mail
rPois   .            (helmet restricted)
rElec   .            b - +1 cloak
rCorr   .            (no gloves)
SInv    .            (no boots)
Will    .....        (no amulet)
Stlth   +            (no ring)
HPRegen 0.28/turn    (no ring)
MPRegen 0.10/turn

%: no passive effects
@: no status effects
A: horns 2, retaliatory headbutt
a: no special abilities


You were on level 4 of the Dungeon.
You visited 1 branch of the dungeon, and saw 4 of its levels.

You collected 204 gold pieces.


Innate Abilities, Weirdness & Mutations

You have a pair of horns on your head.
You reflexively headbutt those who attack you in melee.


   Skills:
 + Level 3.2 Fighting
 - Level 6.1 Ranged Weapons
 - Level 1.8 Armour
 - Level 2.1 Dodging
 - Level 1.0 Spellcasting
 - Level 2.0 Hexes


You had 6 spell levels left.
You knew the following spells:

 Your Spells              Type           Power      Damage    Failure   Level
a - Slow                  Hex            16%        N/A       32%         1

Your spell library contained the following spells:

 Spells                   Type           Power      Damage    Failure   Level
 Inner Flame              Hex/Fire       2%         N/A       82%         3
 Portal Projectile        Hex/Tloc       4%         N/A       82%         3
 Cause Fear               Hex            2%         N/A       97%         4

Inventory:

Hand Weapons
 Y - a +1 sling (weapon)
Armour
 b - a +1 cloak (worn)
 i - a +0 ring mail (worn)
Potions
 c - a potion of haste {unknown}
 d - a potion of ambrosia {unknown}
 e - a potion of enlightenment
 f - a potion of curing {unknown}
 g - a potion of might {unknown}

Dungeon Overview and Level Annotations

Branches:
Dungeon (4/15)
 Temple: D:4-7

Altars:


Message History

The black bear claws you but does no damage.
The black bear closely misses you. You furiously retaliate!
You headbutt the black bear!
You kill the black bear!
Your Ranged Weapons skill increases to level 6!
You have reached level 6!
You start resting.
Your surroundings suddenly seem different.
Found a stone staircase leading down.
An iguana comes into view.
You shoot a sling bullet. The iguana hisses angrily.
The sling bullet hits the iguana but does no damage.
You shoot a sling bullet.
The sling bullet barely misses the iguana.
You shoot a sling bullet. The sling bullet hits the iguana.
The iguana is moderately wounded.
You shoot a sling bullet.
The sling bullet hits the iguana but does no damage.
The iguana is moderately wounded.
You shoot a sling bullet. The sling bullet hits the iguana.
The iguana is heavily wounded.
You shoot a sling bullet.
The sling bullet closely misses the iguana.
The iguana barely misses you.
The iguana bites you but does no damage.
You shoot a sling bullet. The sling bullet hits the iguana.
The iguana is heavily wounded.
The iguana misses you.
You shoot a sling bullet. The sling bullet hits the iguana.
The iguana is severely wounded.
The iguana closely misses you.
You shoot a sling bullet.
The sling bullet barely misses the iguana.
The iguana bites you!
You shoot a sling bullet.
The sling bullet closely misses the iguana.
The iguana bites you but does no damage.
The iguana bites you.
You die...

## .. # #.
.##.##. #
.......####....
#....@l....>#
#########...# #


You could see an iguana.

Vanquished Creatures
  A black bear (D:4)
  2 orc wizards (D:3)
  6 adders
  3 worms
  A dart slug (D:1)
  8 orcs
  5 endoplasms
  A giant cockroach (D:2)
  5 goblins
  10 hobgoblins
  4 jackals (D:3)
  5 ball pythons
  5 bats
  3 frilled lizards
  4 kobolds
  6 rats
69 creatures vanquished.

Notes
Turn   | Place    | Note
-------+----------+-------------------------------------------
     0 | D:1      | qw the Minotaur Hexslinger began the quest for the Orb.
     0 | D:1      | Reached XP level 1. HP: 16/16 MP: 1/1
     0 | D:1      | 0 ||| qw: Version: 0.3-a-51-g015441d
     0 | D:1      | 0 ||| qw: Game counter: 4175
     0 | D:1      | 0 ||| qw: Melee chars always use a shield: true
     0 | D:1      | 0 ||| qw: God list: Okawaru
     0 | D:1      | 0 ||| qw: Allow faded altars: false
     0 | D:1      | 0 ||| qw: Do Orc after clearing Dungeon:15 true
     0 | D:1      | 0 ||| qw: Do second Lair branch before Depths: true
     0 | D:1      | 0 ||| qw: Lair rune preference: random
     0 | D:1      | 0 ||| qw: Goals: Normal
     0 | D:1      | 0 ||| PLANNING D:1-11
    55 | D:1      | Reached skill level 3 in Ranged Weapons
    66 | D:1      | Reached XP level 2. HP: 23/23 MP: 2/2
   534 | D:1      | 534 ||| UPGRADING to +0 leather armour.
   544 | D:1      | 544 ||| DROPPING +0 robe.
   545 | D:1      | 545 ||| READING 2 scrolls labelled DEUMNIU NEZYDE.
   549 | D:1      | 549 ||| READING scroll labelled VUOMNO FISELOU.
   550 | D:1      | 550 ||| READING scroll labelled LUOTEXKU TARIU.
   595 | D:1      | 595 ||| DRINKING 2 red potions.
   596 | D:1      | 596 ||| DROPPING scroll of poison.
   597 | D:1      | 597 ||| DROPPING potion of degeneration.
   627 | D:2      | 627 ||| STAIRDANCE
   634 | D:1      | Reached XP level 3. HP: 15/29 MP: 3/3
   801 | D:2      | Reached skill level 4 in Ranged Weapons
  1062 | D:2      | Reached XP level 4. HP: 36/36 MP: 4/4
  1421 | D:2      | 1421 ||| UPGRADING to +1 cloak.
  1485 | D:3      | Reached skill level 5 in Ranged Weapons
  1698 | D:3      | Reached skill level 3 in Fighting
  1698 | D:3      | Reached XP level 5. HP: 32/45 MP: 5/5
  1704 | D:3      | HP: 11/45 [orc/+0 mace (2)]
  1705 | D:3      | 1705 ||| READING scroll of teleportation.
  2091 | D:3      | 2091 ||| UPGRADING to +0 ring mail.
  2101 | D:3      | 2101 ||| DROPPING +0 leather armour.
  2102 | D:3      | 2102 ||| READING scroll labelled XAKOCE HONEZ.
  2103 | D:3      | 2103 ||| READING scroll labelled WAETSA RENTUF.
  2104 | D:3      | 2104 ||| READING scroll labelled CERADY FU YLUST.
  2105 | D:3      | 2105 ||| DRINKING 2 brown potions.
  2178 | D:4      | 2178 ||| FLEEEEING.
  2179 | D:4      | 2179 ||| FLEEEEING.
  2180 | D:4      | 2180 ||| FLEEEEING.
  2181 | D:4      | 2181 ||| FLEEEEING.
  2182 | D:4      | 2182 ||| FLEEEEING.
  2183 | D:4      | 2183 ||| STAIRDANCE
  2279 | D:4      | 2279 ||| STAIRDANCE
  2283 | D:4      | 2283 ||| STAIRDANCE
  2288 | D:3      | 2288 ||| Stepping randomly (disturbance).
  2310 | D:3      | Reached skill level 1 in Armour
  2430 | D:4      | Noticed a black bear
  2443 | D:4      | HP: 8/45 [black bear (5)]
  2444 | D:4      | 2444 ||| READING scroll of teleportation.
  2444 | D:4      | Killed a black bear
  2445 | D:4      | Reached skill level 6 in Ranged Weapons
  2445 | D:4      | Reached XP level 6. HP: 10/51 MP: 6/6
  2455 | D:4      | HP: 4/51 [iguana (9)]
  2456 | D:4      | Slain by an iguana

Levels and vault maps discovered:
D:1:      dpeg_arrival_rooms_b, layout_basic, nicolae_titane
D:2:      layout_basic, dreamdust_princess_corridor
D:3:      layout_basic
D:4:      layout_loops_cross, chequers_temple_overflow_minitemple,
          minmay_box_of_dots

Skill      XL: |  1  2  3  4  5 |
---------------+----------------+-----
Ranged Weapons | 3 4 5 6 |  6.1
Fighting       | 2 3 |  3.2
Armour         | 1 |  1.8
Dodging        | |  2.1
Spellcasting   | |  1.0
Hexes          | |  2.0

Action                     |  1- 3 |  4- 6 || total
---------------------------+-------+-------++-------
   Fire: Sling             |   106 |   166 ||   272
    Use: Scroll            |     3 |     5 ||     8
         Potion            |     1 |     1 ||     2
 Armour: Leather armour    |     7 |    13 ||    20
         Robe              |     3 |       ||     3
         Ring mail         |       |    69 ||    69
  Dodge: Dodged            |    35 |    84 ||   119

Table legend:
 A = Non-vault XP
 B = Vault XP
 C = Vault XP percentage of total XP
 D = Non-vault monster count
 E = Vault monster count
 F = Vault count percentage of total count
                 A         B        C        D         E       F
            +---------+---------+-------+---------+---------+-------
      Total |     402 |       0 |   0.0 |      69 |       0 |   0.0
            +---------+---------+-------+---------+---------+-------
        D:1 |      48 |       0 |   0.0 |      22 |       0 |   0.0
        D:2 |      84 |       0 |   0.0 |      21 |       0 |   0.0
        D:3 |     128 |       0 |   0.0 |      21 |       0 |   0.0
        D:4 |     142 |       0 |   0.0 |       5 |       0 |   0.0
            +---------+---------+-------+---------+---------+-------
